 Dungeon Crawl Stone Soup version 0.30.2 (webtiles) character file.

Game seed: 1769333448816534488

72 porpoise the Shooter (level 4, -2/35 HPs)
             Began as a Barachi Hunter on Mar 20, 2024.
             Slain by an orc priest
             ... wielding a +0 falchion
              (4 damage)
             ... on level 1 of the Dungeon.
             The game lasted 00:04:08 (1750 turns).

porpoise the Shooter (Barachi Hunter)               Turns: 1750, Time: 00:04:09

Health: -2/35      AC: 10    Str: 12    XL:     4   Next: 25%
Magic:  4/4        EV:  9    Int: 10    God:
Gold:   78         SH:  0    Dex: 17    Spells: 3/3 levels left

rFire   x . .        a - +0 shortbow
rCold   + + .        (shield currently unavailable)
rNeg    . . .        d - +0 ice dragon scales
rPois   .            (no helmet)
rElec   .            (no cloak)
rCorr   .            e - +0 pair of gloves
SInv    .            (no boots)
Will    .....        (no amulet) Stlth
                     (no ring)
HPRegen 0.25/turn    (no ring)
MPRegen 0.09/turn

%: no passive effects
@: slow
A: amphibious, slowness 1, strong legs 1, +LOS
a: Hop


You were on level 1 of the Dungeon.
You visited 1 branch of the dungeon, and saw 2 of its levels.

You collected 78 gold pieces.

Inventory:

Hand Weapons
 a - a +0 shortbow (weapon)
Missiles
 f - a throwing net
 k - 10 poisoned darts
 m - 4 javelins
Armour
 c - a +0 leather armour
 d - +0 ice dragon scales (worn)
 e - a +0 pair of gloves (worn)
Jewellery
 g - a ring of magical power
Scrolls
 b - 2 scrolls of immolation
Potions
 h - a potion of haste
 i - a potion of heal wounds {unknown}


   Skills:
 + Level 3.3 Fighting
 * Level 4.9 Ranged Weapons
 + Level 2.0 Armour
 - Level 2.1 Dodging
 - Level 0.9 Stealth


You had 3 spell levels left.
You didn't know any spells.
Your spell library contained the following spells:

 Spells                   Type           Power      Damage    Failure   Level
 Lesser Beckoning         Tloc           0%         N/A       99%         2
 Gell's Gravitas          Tloc           0%         N/A       100%        3
 Teleport Other           Tloc           0%         N/A       100%        3


Dungeon Overview and Level Annotations

Branches:
Dungeon (2/15)

Altars:


Innate Abilities, Weirdness & Mutations

You are amphibious.
You cover ground slowly.
You can hop short distances.
You have an extended range of vision and can be seen from far away.


Message History

You start resting.
HP restored.
You climb downwards.
There is a stone staircase leading up here.
You shoot an arrow.
The arrow closely misses the orc priest.
The orc priest calls down the wrath of Beogh upon you.
Beogh smites you!
You shoot an arrow.
The arrow closely misses the orc priest.
You shoot an arrow.
The arrow hits the orc priest but does no damage.
The orc priest hits you with a +0 falchion.
The orc priest closely misses you. The orc priest barely misses you.
The orc priest hits you with a +0 falchion.
You climb upwards.
There is a stone staircase leading down here.
You are too injured to fight recklessly!
You are too injured to fight recklessly!
You shoot an arrow. The arrow hits the orc priest.
The orc priest is moderately wounded.
The orc priest hits you with a +0 falchion.
The orc priest closely misses you.
You shoot an arrow. The arrow hits the orc priest!
The orc priest is severely wounded.
The orc priest invokes the aid of Beogh against you.
Beogh smites you!
* * * LOW HITPOINT WARNING * * *
The orc priest hits you but does no damage.
The orc priest completely misses you.
The orc priest hits you but does no damage.
You shoot an arrow. The arrow barely misses the orc priest.
The orc priest hits you but does no damage.
The orc priest closely misses you.
You shoot an arrow. The arrow hits the orc priest!
You kill the orc priest!
The orc priest closely misses you.
The orc priest hits you with a +0 falchion.
You die...

############ ########..........#
#......#.)........#
#......#@)........#####
#......#.o............###
#########......#..........###....
.........#.##############.# #####
......................###.#######
..........###########............
.................########.#######
.........#######..##...##.#######
........## ##)##...##........


You could see an orc priest.

Vanquished Creatures
  An orc priest (D:1)
  2 gnolls (D:2)
  2 adders (D:2)
  A worm (D:2)
  2 orcs
  5 bats
  3 endoplasms (D:1)
  A giant cockroach (D:1)
  2 goblins (D:1)
  2 hobgoblins
  4 quokkas
  2 ball pythons
  A kobold (D:1)
  3 rats (D:1)
31 creatures vanquished.

Notes
Turn   | Place    | Note
-------+----------+-------------------------------------------
     0 | D:1      | porpoise the Barachi Hunter began the quest for the Orb.
     0 | D:1      | Reached XP level 1. HP: 17/17 MP: 1/1
   180 | D:1      | Reached XP level 2. HP: 23/23 MP: 2/2
   369 | D:1      | Reached skill level 1 in Armour
   372 | D:1      | Found a faded altar of an unknown god.
   904 | D:2      | Reached XP level 3. HP: 28/28 MP: 3/3
  1407 | D:2      | Reached XP level 4. HP: 35/35 MP: 4/4
  1750 | D:1      | Slain by an orc priest

Illustrated notes

Levels and vault maps discovered:
D:1:      kennysheep_arrival_seaside, layout_rooms,
          ebering_ecumenical_altar_mist
D:2:      layout_basic

Skill      XL: |  1  2  3  4 |
---------------+-------------+-----
Armour         | 1 2 |  2.0
Fighting       | 3 |  3.3
Ranged Weapons | |  4.9
Dodging        | |  2.1
Stealth        | |  0.9

Action                     |  1- 3 |  4- 6 || total
---------------------------+-------+-------++-------
   Fire: Shortbow          |    88 |    20 ||   108
    Use: Scroll            |       |     2 ||     2
 Armour: Ice dragon scales |    38 |    12 ||    50
  Dodge: Dodged            |    27 |    18 ||    45
